Map: Orbital Shipyard

Players

MotherMoose

  • Race: Protoss Protoss
  • League: Gold

Inferus - Winner!

  • Race: Protoss Protoss
  • League: Diamond

VOD

Have the link to the VOD?

Description

Time

  • Played on: Jan. 24, 2016, 3:48 a.m.
  • Length: 14:11
Show
View Real Time Build Order
Export as new Build Order

MotherMoose Protoss 

Build Orders: 1 Gate Expand 

Get SALT Encoding   

  12  0:01  Probe (Chrono Boost)  
  13  0:11  Probe (Chrono Boost)  
  14  0:17  Pylon  
  14  0:22  Probe (Chrono Boost)  
  15  0:36  Gateway  
  15  0:37  Probe (Chrono Boost)  
  16  0:47  Assimilator  
  16  0:48  Probe (Chrono Boost)  
  17  0:58  Probe (Chrono Boost)  
  18  1:09  Probe (Chrono Boost)  
  19  1:20  Nexus  
  19  1:25  Probe (Chrono Boost)  
  20  1:35  Cybernetics Core  
  20  1:37  Probe (Chrono Boost)  
  21  1:42  Assimilator  
  21  1:51  Probe (Chrono Boost)  
  21  1:52  Pylon  
  22  2:02  Probe (Chrono Boost)  
  23  2:13  Probe (Chrono Boost)  
  23  2:14  Warp Gate  
  24  2:23  Probe (Chrono Boost)  
  25  2:31  Pylon  
  25  2:35  Mothership Core (Chrono Boost)  
  27  2:38  Probe (Chrono Boost)  
  30  2:44  Adept  
  30  2:50  Probe (Chrono Boost)  
  30  2:56  Gateway  
  30  3:01  Probe (Chrono Boost)  
  31  3:07  Probe (Chrono Boost)  
  31  3:11  Adept  
  34  3:17  Probe (Chrono Boost)  
  34  3:18  Twilight Council  
  35  3:20  Assimilator  
  35  3:21  Probe (Chrono Boost)  
  36  3:27  Probe (Chrono Boost)  
  36  3:31  Probe (Chrono Boost)  
  38  3:38  Probe (Chrono Boost)  
  38  3:40  Gateway  
  39  3:42  Probe (Chrono Boost)  
  41  3:48  Probe (Chrono Boost)  
  41  3:52  Probe (Chrono Boost)  
  41  4:01  Probe (Chrono Boost)  
  42  4:03  Probe (Chrono Boost)  
  42  4:08  Blink  
  47  4:11  Assimilator  
  47  4:16  Probe (Chrono Boost)  
  44  4:22  Probe (Chrono Boost), Pylon  
  45  4:26  Probe (Chrono Boost)  
  45  4:27  Pylon  
  45  4:28  Robotics Facility  
  44  4:33  Probe (Chrono Boost)  
  44  4:34  Stalker  
  44  4:35  Stalker  
  44  4:37  Probe (Chrono Boost)  
  50  4:43  Gateway, Probe (Chrono Boost)  
  49  4:47  Probe (Chrono Boost)  
  50  4:54  Probe (Chrono Boost)  
  50  4:58  Probe (Chrono Boost)  
  52  5:00  Stalker  
  52  5:01  Stalker  
  52  5:04  Probe (Chrono Boost)  
  57  5:08  Probe (Chrono Boost)  
  57  5:10  Gateway  
  58  5:25  Probe x2 (Chrono Boost)  
  60  5:28  Nexus  
  60  5:29  Sentry x2  
  60  5:31  Pylon  
  60  5:33  Observer (Chrono Boost), Pylon  
  65  5:38  Stalker  
  67  5:43  Forge  
  67  5:46  Probe, Forge  
  67  5:47  Probe  
  69  5:53  Stalker  
  69  5:54  Stalker  
  69  5:56  Probe  
  73  6:04  Stalker  
  76  6:07  Probe x2  
  76  6:11  Immortal (Chrono Boost)  
  82  6:15  Charge  
  82  6:22  Protoss Ground Weapons Level 1 (Chrono Boost)  
  82  6:23  Protoss Ground Armor Level 1 (Chrono Boost)  
  82  6:26  Stalker  
  80  6:40  Stalker x4  
  80  6:41  Probe  
  89  6:51  Probe  
  89  6:53  Probe  
  91  6:57  Stalker  
  93  7:03  Probe  
  93  7:07  Stalker x3  
  100  7:13  Pylon  
  100  7:14  Pylon  
  100  7:16  Pylon  
  100  7:20  Robotics Bay  
  100  7:21  Probe  
  101  7:29  Probe  
  101  7:31  Probe  
  101  7:33  Assimilator  
  101  7:35  Assimilator  
  103  7:38  Probe  
  103  7:39  Stalker  
  103  7:40  Stalker x3, Probe  
  103  7:43  Probe  
  114  7:58  Stalker  
  115  8:08  Protoss Ground Armor Level 2 (Chrono Boost), Protoss Ground Weapons Level 2 (Chrono Boost)  
  115  8:09  Disruptor  
  118  8:13  Stalker  
  118  8:14  Stalker x2  
  124  8:20  Photon Cannon  
  124  8:27  Photon Cannon  
  114  8:28  Pylon, Photon Cannon  
  114  8:31  Stalker x2  
  118  8:41  Pylon  
  118  8:43  Pylon  
  118  8:46  Pylon  
  118  8:48  Pylon  
  118  8:55  Probe  
  118  8:56  Probe x2  
  118  8:58  Stalker x5  
  131  9:04  Disruptor  
  134  9:14  Photon Cannon  
  134  9:15  Photon Cannon x2  
  110  9:27  Stalker x3  
  110  9:28  Stalker x2  
  104  9:38  Gateway  
  104  9:39  Gateway  
  104  9:40  Disruptor  
  104  9:41  Gateway  
  107  9:51  Stalker x2  
  107  9:52  Stalker x2  
  115  10:03  Robotics Facility  
  115  10:10  Stalker, Gateway  
  115  10:11  Gateway  
  117  10:15  Stalker x3  
  117  10:16  Stalker  
  125  10:35  Stalker x2  
  125  10:39  Stalker x2  
  127  11:03  Stalker x5  
  125  11:07  Stalker x3  
  85  11:27  Stalker x4  
  85  11:28  Stalker  
  85  11:36  Stalker  
  85  11:37  Stalker x2  
  85  11:47  Probe  
  85  11:48  Probe x2  
  88  11:57  Stalker x3  
  88  11:58  Disruptor  
  97  12:17  Nexus  
  97  12:18  Pylon  
  97  12:20  Pylon  
  97  12:30  Stalker x2  
  97  12:32  Mothership Core  
  97  12:33  Nexus, Pylon  
  103  12:37  Stalker  
  103  12:43  Stalker  
  107  12:55  Immortal  
  107  12:57  Stalker  
  113  12:59  Sentry x2  
  117  13:10  Stalker x2  
  121  13:18  Stalker  
  123  13:22  Pylon  
  99  13:46  Stalker x3  
  99  13:47  Stalker x3  
  88  13:51  Stalker  
  88  13:52  Stalker  
  82  14:00  Stalker  
Show
View Real Time Build Order
Export as new Build Order

Inferus Protoss - Winner!

Build Orders: 1 Gate Expand 

Get SALT Encoding   

  12  0:02  Probe (Chrono Boost)  
  13  0:12  Probe (Chrono Boost)  
  14  0:20  Pylon  
  14  0:23  Probe (Chrono Boost)  
  15  0:38  Probe (Chrono Boost)  
  15  0:40  Gateway  
  16  0:42  Assimilator  
  16  0:49  Probe (Chrono Boost)  
  17  0:59  Probe (Chrono Boost)  
  18  1:10  Probe (Chrono Boost)  
  19  1:25  Nexus  
  19  1:29  Probe (Chrono Boost)  
  20  1:41  Cybernetics Core  
  20  1:44  Probe (Chrono Boost)  
  21  1:50  Assimilator  
  21  1:55  Pylon  
  21  1:57  Probe (Chrono Boost)  
  22  2:09  Probe (Chrono Boost)  
  23  2:18  Warp Gate (Chrono Boost)  
  23  2:19  Probe, Adept (Chrono Boost)  
  26  2:34  Mothership Core  
  28  2:38  Probe  
  29  2:49  Probe  
  30  2:53  Stalker  
  32  2:59  Probe  
  32  3:00  Probe  
  34  3:07  Twilight Council  
  34  3:10  Probe, Pylon  
  34  3:12  Probe  
  36  3:23  Stalker, Pylon  
  38  3:28  Gateway  
  38  3:35  Gateway  
  38  3:37  Probe  
  38  3:39  Probe  
  40  3:48  Probe  
  39  3:56  Probe  
  39  3:58  Probe  
  39  4:01  Blink (Chrono Boost)  
  41  4:06  Robotics Facility  
  41  4:08  Probe  
  41  4:09  Probe  
  43  4:21  Nexus  
  43  4:22  Probe x2  
  45  4:29  Stalker  
  47  4:34  Stalker  
  47  4:37  Stalker  
  51  4:44  Probe  
  51  4:46  Probe  
  51  4:49  Assimilator  
  51  4:52  Pylon  
  53  4:53  Assimilator  
  53  4:54  Observer  
  53  4:56  Pylon  
  53  4:58  Probe  
  53  4:59  Probe  
  56  5:03  Pylon  
  56  5:04  Stalker  
  58  5:08  Stalker  
  58  5:12  Stalker  
  62  5:15  Probe  
  63  5:23  Observer  
  63  5:27  Stalker  
  66  5:34  Forge  
  66  5:37  Forge  
  66  5:38  Probe  
  66  5:39  Probe  
  66  5:41  Probe  
  68  5:44  Stalker x2  
  68  5:48  Probe  
  68  5:49  Pylon  
  73  5:51  Gateway  
  73  5:55  Gateway  
  74  5:58  Probe  
  74  5:59  Probe (Chrono Boost)  
  74  6:02  Probe (Chrono Boost)  
  76  6:09  Immortal (Chrono Boost)  
  81  6:11  Probe x2 (Chrono Boost)  
  81  6:16  Protoss Ground Armor Level 1 (Chrono Boost)  
  82  6:19  Protoss Ground Weapons Level 1 (Chrono Boost)  
  82  6:20  Probe  
  82  6:21  Probe  
  82  6:22  Probe  
  85  6:26  Assimilator  
  85  6:33  Probe  
  82  6:41  Stalker x3  
  82  6:43  Probe  
  82  6:45  Probe x2  
  91  6:52  Immortal  
  91  6:53  Probe  
  95  6:57  Probe x2  
  98  7:01  Robotics Bay  
  98  7:04  Pylon  
  98  7:07  Pylon  
  98  7:11  Stalker x3  
  98  7:12  Stalker  
  106  7:17  Pylon  
  106  7:21  Assimilator  
  106  7:23  Stalker  
  106  7:25  Probe  
  106  7:26  Probe  
  106  7:27  Probe  
  111  7:34  Pylon  
  111  7:35  Immortal (Chrono Boost)  
  115  7:40  Gateway  
  115  7:41  Stalker x2  
  115  7:42  Gateway  
  119  8:08  Stalker  
  119  8:09  Stalker x3, Nexus, Disruptor (Chrono Boost)  
  119  8:11  Pylon  
  119  8:12  Stalker  
  132  8:14  Protoss Ground Weapons Level 2 (Chrono Boost)  
  132  8:17  Protoss Ground Armor Level 2 (Chrono Boost)  
  120  8:33  Stalker x3  
  120  8:34  Stalker  
  126  8:43  Disruptor  
  129  8:50  Pylon  
  129  8:56  Stalker, Robotics Facility  
  129  8:58  Pylon  
  131  9:09  Stalker x4  
  139  9:10  Stalker x2  
  124  9:29  Observer  
  123  9:37  Stalker  
  123  9:38  Stalker x5  
  135  9:46  Warp Prism, Assimilator  
  135  9:50  Assimilator  
  137  9:54  Disruptor, Photon Cannon  
  137  9:57  Photon Cannon  
  140  10:00  Photon Cannon  
  140  10:15  Gateway  
  140  10:18  Gateway  
  140  10:21  Pylon  
  140  10:22  Disruptor  
  140  10:25  Pylon  
  143  10:29  Disruptor  
  143  10:34  Nexus  
  143  10:35  Pylon  
  146  10:36  Pylon  
  144  10:49  Stalker  
  146  10:50  Stalker  
  146  10:51  Stalker x3  
  146  10:52  Stalker  
  156  10:57  Disruptor  
  135  11:06  Disruptor (Chrono Boost)  
  135  11:09  Stalker  
  126  11:20  Stalker x2  
  126  11:21  Stalker x4  
  126  11:24  Protoss Ground Weapons Level 3 (Chrono Boost)  
  117  11:33  Disruptor (Chrono Boost)  
  117  11:38  Probe  
  117  11:46  Stalker, Disruptor (Chrono Boost)  
  115  11:47  Stalker x2  
  115  11:52  Zealot x2  
  115  11:53  Zealot x3  
  129  12:05  Disruptor (Chrono Boost)  
  129  12:06  Assimilator  
  132  12:10  Assimilator  
  132  12:15  Probe x2  
  134  12:20  Photon Cannon  
  124  12:23  Photon Cannon  
  124  12:26  Stalker x3  
  124  12:27  Stalker x6, Photon Cannon  
  146  12:39  Immortal (Chrono Boost)  
  146  12:46  Immortal (Chrono Boost)  
  150  13:06  Stalker x6  
  150  13:08  Stalker x2  
  166  13:17  Warp Prism (Chrono Boost)  
  169  13:20  Observer (Chrono Boost)  
  139  13:55  Stalker x3  
  133  13:56  Stalker x3  
  133  13:57  Stalker x3  
Tags
 
Add a new tag
Caveats
  • Supply blocks, unpowered buildings, or Contaminate may cause inaccurate times.
  • Supply counts are checked every 10 seconds.